 Dungeon Crawl Stone Soup version 0.29.1-15-g9cfb28693d (webtiles) character file.

Game seed: 15427774644040443213

74 sampeng1 the Trooper (level 4, -1/35 HPs)
             Began as a Human Abyssal Knight on May 11, 2023.
             Was a Priest of Lugonu.
             Frozen to death by an endoplasm (5 damage)
             ... on level 2 of the Dungeon on May 12, 2023.
             The game lasted 00:06:34 (1673 turns).

sampeng1 the Trooper (Human Abyssal Knight)         Turns: 1673, Time: 00:06:35

Health: -1/35      AC:  4    Str: 20    XL:     4   Next: 52%
Magic:  4/6        EV: 11    Int:  9    God:    Lugonu [***...]
Gold:   87         SH:  0    Dex: 12    Spells: 3/3 levels left

rFire   . . .      SeeInvis +   a - +1 hand axe (vorpal)
rCold   . . .      Faith    .   (no shield)
rNeg    . . .      Spirit   .   b - +0 leather armour
rPois   .          Reflect  .   k - +0 helmet
rElec   .          Harm     .   (no cloak)
rCorr   .          Rampage  .   (no gloves)
Will    .....      Clarity  +   (no boots)
Stlth   +.........              (no amulet)
HPRegen 0.11/turn               l - ring of see invisible
MPRegen 0.10/turn               (no ring)

@: no status effects
A: clarity, strong 1
a: Renounce Religion, Depart the Abyss, Bend Space, Banish


You were on level 2 of the Dungeon.
You worshipped Lugonu.
Lugonu was most pleased with you.
You visited 1 branch of the dungeon, and saw 2 of its levels.
You visited the Abyss 1 time.

You collected 87 gold pieces.

Inventory:

Hand Weapons
 a - a +1 vorpal hand axe (weapon)
Armour
 b - a +0 leather armour (worn)
 k - a +0 helmet (worn)
Jewellery
 l - a ring of see invisible (left hand)
Scrolls
 d - a scroll of brand weapon
 p - 2 scrolls of immolation
Potions
 c - 2 potions of lignification
 e - a potion of degeneration {unknown}
 f - a potion of flight
 g - a potion of cancellation


   Skills:
 + Level 3.4 Fighting
 + Level 2.6 Axes
 + Level 2.6 Armour
 + Level 1.8 Dodging
 + Level 2.7 Invocations


You had 3 spell levels left.
You didn't know any spells.
Your spell library contained the following spells:

 Spells                   Type           Power      Damage    Failure   Level
 Animate Armour           Summ/Erth      0%         N/A       99%         4
 Blade Hands              Tmut           0%         N/A       100%        5
 Iron Shot                Conj/Erth      0%         9d1       100%        6


Dungeon Overview and Level Annotations

Branches:
Dungeon (2/15)

Altars:


Innate Abilities, Weirdness & Mutations

You possess an exceptional clarity of mind.
Your muscles are strong. (Str +4, Int/Dex -1)


Message History

An endoplasm comes into view.
The gnoll hits you from afar with a +0 halberd.
You slash the gnoll!
You kill the gnoll!
Lugonu accepts your kill.
The gnoll hits you from afar with a +0 halberd.
The gnoll closely misses you. The gnoll hits you with a +0 halberd!
A gnoll comes into view. It is wielding a +0 spear.
Things that are here:
a +0 whip; a gnoll corpse The gnoll shouts!
You slash the gnoll!
You kill the gnoll!
Lugonu accepts your kill.
The gnoll hits you from afar with a +0 spear.
* * * LOW HITPOINT WARNING * * *
You hit the endoplasm.
The endoplasm is almost dead.
The gnoll hits you from afar with a +0 spear.
* * * LOW HITPOINT WARNING * * *
The endoplasm hits you but does no damage.
The gnoll closely misses you. The endoplasm freezes you.
You are frozen.
* * * LOW HITPOINT WARNING * * *
The gnoll hits you but does no damage. Space bends violently around you!
You blink.
A bat comes into view.
The bat closely misses you.
You hit the endoplasm but do no damage.
The endoplasm is almost dead.
You hit the bat.
You kill the bat!
Lugonu accepts your kill. The endoplasm closely misses you.
The gnoll hits you but does no damage.
You hit the endoplasm but do no damage.
The endoplasm is almost dead.
The endoplasm freezes you.
You are frozen.
You die...

#######....######.####
.....+...............
....#....######.####
...#....# #.# ..#....# #.#
#g#....# #.# #g#....# #.#
##
..#####J#....######.###.
#........@................
#....####†............#.#.
#..............#####.#.#.#
#>............'......#_#.
#............####..#.#.#
#..<.........# #...#.#.
#............# ##.......
#............###..####..
#...................####


You could see 2 gnolls and an endoplasm.

Vanquished Creatures
  2 gnolls (D:2)
  A worm (D:2)
  A dart slug (D:1)
  6 ball pythons
  3 bats
  3 endoplasms (D:1)
  A giant cockroach (D:2)
  3 goblins
  6 hobgoblins (D:1)
  5 jackals (D:1)
  2 quokkas
  3 frilled lizards
  5 kobolds
  2 rats (D:1)
43 creatures vanquished.

Notes
Turn   | Place    | Note
-------+----------+-------------------------------------------
     0 | Abyss:1  | sampeng1 the Human Abyssal Knight began the quest for the
                  | Orb.
     0 | Abyss:1  | Reached XP level 1. HP: 18/18 MP: 2/2
     1 | D:1      | Escaped the Abyss
   178 | D:1      | Reached XP level 2. HP: 20/24 MP: 3/3
   445 | D:1      | Reached XP level 3. HP: 27/29 MP: 4/4
   590 | D:1      | Reached *** piety under Lugonu
  1354 | D:2      | Reached XP level 4. HP: 35/35 MP: 5/5
  1379 | D:2      | Found a faded altar of an unknown god.
  1412 | D:2      | Gained mutation: You are dopey. (Int -2) [potion of
                  | mutation]
  1412 | D:2      | Gained mutation: Your muscles are strong. (Str +4, Int/Dex
                  | -1) [potion of mutation]
  1412 | D:2      | Lost mutation: You are dopey. (Int -2) [potion of mutation]
  1412 | D:2      | Gained mutation: You possess an exceptional clarity of
                  | mind. [potion of mutation]
  1673 | D:2      | Frozen to death by an endoplasm

Illustrated notes

Levels and vault maps discovered:
D:1:      lemuel_arrival_river_ford, layout_basic, serial_glass,
          glass_columns_b, glass_columns_c
D:2:      layout_basic, chequers_ecumenical_altar_simple_redux,
          minmay_misc_feat_pillars, nicolae_wormholes

Action                   |  1- 3 |  4- 6 || total
-------------------------+-------+-------++-------
Melee: Hand axe          |    81 |    17 ||    98
       Punch             |     1 |       ||     1
Invok: Bend Space        |       |     1 ||     1
  Use: Scroll            |       |     7 ||     7
       Potion            |       |     5 ||     5
Armor: Leather armour    |    22 |     3 ||    25
Dodge: Dodged            |    61 |    13 ||    74
